 Dungeon Crawl Stone Soup version 0.22-a0-362-g535178c (webtiles) character file.

103 JeffiDaFish the Digger (level 4, 0/24 HPs)
             Began as a Gargoyle Earth Elementalist on Apr 21, 2018.
             Slain by a goblin
             ... wielding a +0 club
             ... led by Robin
              (2 damage)
             ... on level 2 of the Dungeon.
             The game lasted 00:04:44 (1333 turns).

JeffiDaFish the Digger (GrEE)                       Turns: 1333, Time: 00:04:44

Health: 0/24       AC:  5    Str: 12    XL:     4   Next: 79%
Magic:  1/9        EV: 12    Int: 16    God:
Gold:   96         SH:  0    Dex: 10    Spells: 5/9 levels left

rFire    x . .     SeeInvis .   l - staff of conjuration
rCold    + . .     Gourm    +   (no shield)
rNeg     + . .     Faith    .   c - +1 robe
rPois    ∞         Spirit   .   (no helmet)
rElec    +         Reflect  .   m - -2 cloak (curse)
rCorr    .         Harm     .   (no gloves)
MR       .....                  (no boots)
Stlth    ++........             e - amulet of the gourmand
HPRegen  0.08/turn              i - ring of ice
MPRegen  0.11/turn              (no ring)

@: no status effects
A: negative energy resistance 1, electricity resistance, unbreathing,
petrification resistance, rot immunity, AC +3
a: no special abilities


You were on level 2 of the Dungeon.
You were completely stuffed.

You visited 1 branch of the dungeon, and saw 2 of its levels.

You collected 96 gold pieces.

Inventory:

Hand Weapons
 f - a +0 whip
 h - a +0 dagger of protection
Missiles
 b - 36 stones (quivered)
Armour
 c - a +1 robe (worn)
 m - a cursed -2 cloak (worn)
Magical Staves
 l - an uncursed staff of conjuration (weapon)
Jewellery
 e - an amulet of the gourmand (around neck)
 i - a ring of ice (left hand)
Scrolls
 a - 2 scrolls of fear
 k - a scroll of identify
Comestibles
 d - 5 rations
 g - 2 chunks of flesh


   Skills:
 - Level 1.5 Dodging
 - Level 2.1 Stealth
 + Level 3.4 Spellcasting
   Level 0.7 Transmutations
 + Level 5.2 Earth Magic


You had 5 spell levels left.
You knew the following spells:

 Your Spells              Type           Power        Failure   Level  Hunger
a - Sandblast             Erth           ###...       1%          1    None
b - Stone Arrow           Conj/Erth      ###...       19%         3    ###....


Dungeon Overview and Level Annotations

Branches:
Dungeon (2/15)

Altars:
Wu Jian

Annotations:
D:2 Robin


Innate Abilities, Weirdness & Mutations

You are resistant to torment.
Your stone body is resilient. (AC +3)
You are immune to poison.
You resist negative energy. (rN+)
You are resistant to electric shocks. (rElec)
You can survive without breathing.
You are immune to petrification.
You are immune to rotting.


Message History

Press: ? - help, Shift-Dir - straight line, f/p - hobgoblin
Aim: a hobgoblin, wielding a club (unusually strong)
The blast of sand hits the hobgoblin.
You kill the hobgoblin!
b - 36 stones The goblin hits you with a club.
The goblin hits you.
* * * LOW HITPOINT WARNING * * *
The goblin barely misses you. The goblin hits you.
* * * LOW HITPOINT WARNING * * *
Things that are here:
a dagger; a hunting sling; 16 stones A hobgoblin comes into view.
The goblin no longer looks unusually strong.
The goblin barely misses you.
The hobgoblin no longer looks unusually strong.
The goblin no longer looks unusually strong.
Robin throws the goblin at you!
The goblin shouts!
The goblin hits you with a club.
You die... ...?... ..... .gSg gg#

#g# ############h#
#.....g...##.##
#########....g.S).##..###.#
#..........@gg.g..)g†.....#
#.#######)........###.#####
#.# ###########...# ## #.#
###.#####. #.###♣♣♣♣♣
#....##. #.#.+..♣.♣♣♣#####
#.##..#. #.......♣..♣#...#
#.###... #......♣♣♣♣.)...#
#.# ##.. ##..+.♣♣ ♣♣#..)#
#.# ##.


You could see an adder, 2 hobgoblins and 3 goblins.

Vanquished Creatures
  Crazy Yiuf (D:2)
  An adder (D:2)
  2 oozes
  3 dart slugs (D:1)
  2 leopard geckos
  3 bats (D:1)
  5 giant cockroaches
  7 goblins
  6 hobgoblins
  3 jackals (D:2)
  5 kobolds (D:1)
  2 frilled lizards
  5 rats
45 creatures vanquished.

Notes
Turn   | Place    | Note
-------+----------+-------------------------------------------
     0 | D:1      | JeffiDaFish the Gargoyle Earth Elementalist began the quest for the Orb.
     0 | D:1      | Reached XP level 1. HP: 10/10 MP: 3/3
    61 | D:1      | Reached skill level 4 in Earth Magic
    61 | D:1      | Reached XP level 2. HP: 13/15 MP: 1/5
   287 | D:1      | Reached XP level 3. HP: 14/19 MP: 2/6
  1076 | D:2      | Learned a level 3 spell: Stone Arrow
  1080 | D:2      | Found an ornate altar of the Wu Jian Council.
  1179 | D:2      | Reached XP level 4. HP: 23/24 MP: 5/8
  1218 | D:2      | Found a runed door.
  1222 | D:2      | Noticed Crazy Yiuf
  1226 | D:2      | Killed Crazy Yiuf
  1226 | D:2      | Reached skill level 5 in Earth Magic
  1304 | D:2      | Noticed Robin
  1333 | D:2      | Slain by a goblin

Vault maps used:
D:1:      saegor_arrival_miasma
D:2:      cheibrodos_old_hovel, lemuel_doored_altar, first_ration, uniq_robin,
          uniq_crazy_yiuf_cottage

Skill      XL: |  1  2  3  4 |
---------------+-------------+-----
Earth Magic    | 4 5 |  5.2
Spellcasting   | 3 |  3.4
Dodging        | |  1.5
Stealth        | |  2.1
Transmutations | |  0.7

Action                   |  1- 3 |  4- 6 || total
-------------------------+-------+-------++-------
Melee: Unarmed           |     9 |       ||     9
       Whip              |    59 |       ||    59
       Staff             |    11 |    19 ||    30
 Cast: Sandblast         |    31 |    13 ||    44
       Stone Arrow       |       |     1 ||     1
  Use: Scroll            |     7 |       ||     7
       Potion            |     3 |     1 ||     4
 Stab: Sleeping          |     3 |       ||     3
  Eat: Chunk             |    14 |     1 ||    15
Armor: Robe              |    35 |     8 ||    43
Dodge: Dodged            |    49 |    33 ||    82

Table legend:
 A = Spawn XP
 B = Non-spawn XP
 C = Spawn XP percentage of total XP
 D = Spawn monster count
 E = Non-spawn monster count
 F = Spawn count percentage of total count
 G = Total turns spent on level
                    A         B        C        D         E        F      G
               +---------+---------+-------+---------+---------+-------+---------
         Total |       0 |     148 |   0.0 |       0 |      45 |   0.0 |  1333
               +---------+---------+-------+---------+---------+-------+---------
           D:1 |       0 |      61 |   0.0 |       0 |      29 |   0.0 |   925
           D:2 |       0 |      87 |   0.0 |       0 |      16 |   0.0 |   408
               +---------+---------+-------+---------+---------+-------+---------
